 Dungeon Crawl Stone Soup version 0.30.1-11-g7821555f0a (webtiles) character file.

Game seed: 12924729790379069187

1535235 riellis1 the Sorcerer (level 26, 202/212 HPs)
             Began as a Demonspawn Venom Mage on Oct 24, 2023.
             Was the Champion of Vehumet.
             Escaped with the Orb
             ... and 3 runes on Nov 14, 2023!
             The game lasted 09:06:19 (83738 turns).

riellis1 the Sorcerer (Demonspawn Venom Mage)      Turns: 83738, Time: 09:06:19

Health: 202/212    AC: 22    Str: 17    XL:     26   Next: 55%
Magic:  52/52      EV: 29    Int: 27    God:    Vehumet [******]
Gold:   562        SH: 14    Dex: 30    Spells: 2/75 levels left

rFire   + . .        I - staff of death
rCold   + + +        O - +2 buckler of Zin's Anger {Str+2 Dex+6}
rNeg    + . .        T - +0 robe "Osiec" {Contam rElec rF+ Dex+2}
rPois   +            (helmet unavailable)
rElec   +            B - +2 cloak {rCorr}
rCorr   +            t - +0 pair of gloves of Koawun {rC+ Str+3}
SInv    +            i - +3 pair of mountain boots {steadfast, rC+}
Will    +++++        f - amulet of magic regeneration
Stlth   ++           b - ring of the Failed Coup {Drain rC+ rCorr Str+2 Dex+2}
HPRegen 0.55/turn    g - ring of Gozag's Regard {rPois rC+ Will++ AC+4}
MPRegen 1.06/turn

%: clarity, guardian spirit
@: studying Ranged Weapons
A: antennae 3, thin skeletal structure 3, icemail 2, torment resistance 1, magic
shield, magic regeneration, magic link, condensation shield, demonic willpower,
clarity, strong-willed 2
0: Orb of Zot
}: 3/15 runes: decaying, serpentine, silver
a: Renounce Religion


You escaped.
You worshipped Vehumet.
Vehumet was exalted by your worship.
You visited 10 branches of the dungeon, and saw 52 of its levels.
You visited the Abyss 2 times.
You also visited: Trove, Bailey, Ice Cave and Desolation.

You collected 6479 gold pieces.
You spent 5917 gold pieces at shops.

Inventory:

Hand Weapons
 x - the +2 Maxwell's thermic engine {flame, freeze, rev}
   (You found it in an ice cave)
 y - a +0 demon whip of pain
 R - the +5 eveningstar of Makhleb {freeze, rN++ Str+4 Int+2}
   (You found it on level 8 of the Dungeon)

   Str:       It affects your strength (+4).
   Int:       It affects your intelligence (+2).
   rN:        It greatly protects you from negative energy.
Missiles
 P - 6 throwing nets
Armour
 i - the +3 pair of mountain boots (worn) {steadfast, rC+}
   (You found it in a treasure trove)

   Steadfast: It prevents involuntary movement, except for blinking,
   teleportation, or banishment.
   rC:        It protects you from cold.
 t - the +0 pair of gloves of Koawun (worn) {rC+ Str+3}
   (You found it in a treasure trove)

   Str:       It affects your strength (+3).
   rC:        It protects you from cold.
 B - a +2 cloak of preservation (worn)
 E - a +2 pair of boots of flying
 O - the +2 buckler of Zin's Anger (worn) {Str+2 Dex+6}
   (You found it on level 8 of the Dungeon)

   Str:       It affects your strength (+2).
   Dex:       It affects your dexterity (+6).
 T - the +0 robe "Osiec" (worn) {Contam rElec rF+ Dex+2}
   (You found it on level 1 of the Realm of Zot)

   Dex:       It affects your dexterity (+2).
   rF:        It protects you from fire.
   rElec:     It insulates you from electricity.
   Contam:    It causes magical contamination when unequipped.
Magical Staves
 d - the staff of air "Nuesip" {rElec Str+3}
   (You took it off an ogre mage on level 5 of the Vaults)

   [staff of air]

   Base accuracy: +5 Base damage: 5 Base attack delay: 1.2 This weapon's minimum
   attack delay (0.6) is reached at skill level 12.
   Str:       It affects your strength (+3).
   rElec:     It insulates you from electricity.
   It falls into the 'Staves' category.
   It is a one-handed weapon.
 m - a staff of poison
 I - a staff of death (weapon)
 U - a staff of earth
Jewellery
 b - the ring of the Failed Coup (left hand) {Drain rC+ rCorr Str+2 Dex+2}
   (You bought it in a shop on level 3 of the Snake Pit)

   [ring of resist corrosion]

   Str:       It affects your strength (+2).
   Dex:       It affects your dexterity (+2).
   rC:        It protects you from cold.
   rCorr:     It protects you from acid and corrosion.
   Drain:     It drains your maximum health when unequipped.
 e - a +6 ring of intelligence
 f - an amulet of magic regeneration (around neck)
 g - the ring of Gozag's Regard (right hand) {rPois rC+ Will++ AC+4}
   (You bought it in a shop on level 3 of the Snake Pit)

   [ring of protection]

   AC:        It affects your AC (+4).
   rC:        It protects you from cold.
   rPois:     It protects you from poison.
   Will:      It greatly increases your willpower.
 u - a +6 ring of intelligence
 X - a ring of wizardry
Wands
 C - a wand of digging (14)
 G - a wand of mindburst (41)
 H - a wand of quicksilver (37)
 J - a wand of iceblast (49)
Scrolls
 a - 2 scrolls of butterflies
 k - 10 scrolls of teleportation
 n - 4 scrolls of fear
 o - 6 scrolls of silence
 v - 13 scrolls of poison
 w - 3 scrolls of amnesia
 A - 11 scrolls of immolation
 D - 3 scrolls of enchant armour
 K - 2 scrolls of fog
 M - 8 scrolls of enchant weapon
 Y - 3 scrolls of magic mapping
Potions
 c - 6 potions of heal wounds
 h - 5 potions of resistance
 l - 7 potions of curing
 p - 5 potions of mutation
 r - 3 potions of cancellation
 s - 7 potions of lignification
 z - 13 potions of brilliance
 N - 3 potions of haste
 Q - a potion of magic
 S - 8 potions of invisibility
 V - 4 potions of berserk rage
 W - 7 potions of ambrosia
Miscellaneous
 j - a phantom mirror
 q - a phial of floods
 F - a lightning rod (4/4)
 L - a tin of tremorstones (2/2)


   Skills:
 - Level 18.3 Fighting
 - Level 15.0 Dodging
 - Level 1.7 Stealth
 - Level 6.0 Shields
 - Level 25.0 Spellcasting
 - Level 12.0 Conjurations
 - Level 12.0 Summonings
 - Level 23.0 Necromancy
 - Level 16.0 Transmutations
 - Level 10.0 Fire Magic
 + Level 9.8 Earth Magic
 - Level 6.2 Poison Magic


You had 2 spell levels left.
You knew the following spells:

 Your Spells              Type           Power      Damage    Failure   Level
a - Death Channel         Necr           63%        N/A       0%          6
b - Poisonous Vapours     Pois/Air       100%       N/A       1%          2
c - Olgreb's Toxic Radia  Pois           61%        N/A       1%          4
d - Vampiric Draining     Necr           100%       2d13      0%          3
e - Haunt                 Necr/Summ      56%        N/A       1%          7
f - Sticky Flame          Conj/Fire      75%        2d9       1%          4
g - Momentum Strike       Conj/Tloc      100%       3d10      1%          2
h - Lehudib's Crystal Sp  Conj/Erth      37%        10d9      21%         8
i - Lee's Rapid Deconstr  Erth           36%        3d18*     1%          5
j - Spellforged Servitor  Conj/Summ      39%        N/A       1%          7
k - Ignite Poison         Fire/Tmut/Pois 75%        N/A       1%          3
l - Iron Shot             Conj/Erth      37%        9d7       1%          6
m - Ozocubu's Armour      Ice            33%        N/A       3%          3
n - Borgnjor's Vile Clut  Necr/Erth      55%        N/A       1%          5
o - Necromutation         Tmut/Necr      59%        N/A       2%          8

Your spell library contained the following spells:

 Spells                   Type           Power      Damage    Failure   Level
 Fire Storm               Conj/Fire      37%        8d10      95%         9
 Shatter                  Erth           36%        3d29*     99%         9
 Beastly Appendage        Tmut           100%       N/A       0%          1
 Magic Dart               Conj           100%       1d8       0%          1
 Sandblast                Erth           100%       2d20      0%          1
 Sting                    Tmut/Pois      100%       1d8       0%          1
 Summon Small Mammal      Summ           100%       N/A       0%          1
 Call Imp                 Summ           100%       N/A       0%          2
 Sublimation of Blood     Necr           100%       N/A       0%          2
 Wereblood                Tmut           88%        N/A       0%          2
 Apportation              Tloc           66%        N/A       1%          1
 Slow                     Hex            100%       N/A       1%          1
 Cigotuvi's Dreadful Rot  Necr/Pois/Air  100%       N/A       1%          2
 Ensorcelled Hibernation  Hex/Ice        66%        N/A       1%          2
 Lesser Beckoning         Tloc           66%        N/A       1%          2
 Scorch                   Fire           100%       2d9       1%          2
 Animate Dead             Necr           100%       N/A       0%          4
 Agony                    Necr           100%       N/A       0%          5
 Call Canine Familiar     Summ           78%        N/A       1%          3
 Dazzling Flash           Conj/Hex       100%       N/A       1%          3
 Hailstorm                Conj/Ice       60%        3d13      1%          3
 Inner Flame              Hex/Fire       57%        N/A       1%          3
 Mephitic Cloud           Conj/Pois/Air  61%        N/A       1%          3
 Spider Form              Tmut/Pois      76%        N/A       1%          3
 Stone Arrow              Conj/Erth      100%       3d13      1%          3
 Summon Guardian Golem    Hex/Summ       60%        N/A       1%          3
 Anguish                  Hex/Necr       48%        N/A       1%          4
 Flame Wave               Conj/Fire      75%        2d17      1%          4
 Ice Form                 Ice/Tmut       67%        N/A       1%          4
 Petrify                  Tmut/Erth      80%        N/A       1%          4
 Summon Ice Beast         Ice/Summ       60%        N/A       1%          4
 Summon Lightning Spire   Summ/Air       60%        N/A       1%          4
 Alistair's Intoxication  Tmut/Pois      50%        N/A       1%          5
 Fireball                 Conj/Fire      37%        3d15      1%          5
 Irradiate                Conj/Tmut      41%        3d25      1%          5
 Iskenderun's Battlesphe  Conj           78%        2d13      1%          5
 Yara's Violent Unravell  Hex/Tmut       33%        3d14      1%          5
 Eringya's Noxious Bog    Tmut/Pois      38%        N/A       1%          6
 Simulacrum               Ice/Necr       48%        N/A       1%          6
 Starburst                Conj/Fire      37%        6d11      1%          6
 Statue Form              Tmut/Erth      53%        N/A       1%          6
 Summon Cactus Giant      Summ           39%        N/A       1%          6
 Dragon Form              Tmut           44%        N/A       1%          7
 Orb of Destruction       Conj           39%        9d11      1%          7
 Borgnjor's Revivificati  Necr           63%        N/A       1%          8
 Infestation              Necr           63%        N/A       1%          8
 Summon Forest            Summ/Tloc      30%        N/A       2%          5
 Summon Mana Viper        Hex/Summ       60%        N/A       2%          5
 Confusing Touch          Hex            33%        N/A       3%          3
 Gell's Gravitas          Tloc           33%        N/A       3%          3
 Teleport Other           Tloc           33%        N/A       3%          3
 Tukima's Dance           Hex            33%        N/A       3%          3
 Conjure Ball Lightning   Conj/Air       30%        3x3d10    4%          6
 Monstrous Menagerie      Summ           39%        N/A       7%          7
 Summon Hydra             Summ           39%        N/A       7%          7
 Death's Door             Necr           63%        N/A       9%          9
 Cause Fear               Hex            16%        N/A       11%         4
 Manifold Assault         Tloc           33%        N/A       11%         4
 Passage of Golubria      Tloc           33%        N/A       11%         4
 Metabolic Englaciation   Hex/Ice        16%        N/A       30%         5
 Silence                  Hex/Air        16%        N/A       30%         5
 Storm Form               Tmut/Air       33%        N/A       34%         7
 Dispersal                Tloc           16%        N/A       86%         6
 Enfeeble                 Hex            16%        N/A       100%        7
 Disjunction              Tloc           16%        N/A       100%        8
 Maxwell's Capacitive Co  Air            16%        ∞         100%        8
 Dragon's Call            Summ           39%        N/A       100%        9


Dungeon Overview and Level Annotations

Branches:
Dungeon (15/15)            Temple (0/1) D:6            Lair (5/5) D:10
  Swamp (4/4) Lair:2        Snake (4/4) Lair:3        Slime (5/5) Lair:4
    Orc (2/2) D:11            Elf (3/3) Orc:2        Vaults (5/5) D:13
  Crypt (0/3) Vaults:2     Depths (4/4) D:15            Zot (5/5) Depths:4
 Bailey (visited)           IceCv (visited)         Desolation (visited)

Altars:
Ashenzari
Dithmenos
Fedhas
Hepliaklqana
Makhleb
Nemelex Xobeh
Okawaru
Qazlal
Ru
Sif Muna
Trog
Uskayaw
Vehumet
Wu Jian
Xom
Yredelemnul
Jiyva

Shops:
D:2 !!:   D:11 **   Orc:2 :(*(!=((   Elf:1 **   Elf:3 (   Snake:1 :?:?
Snake:2 =   Snake:3 :=:   Vaults:3 !

Portals:
Hell: Depths:1 Depths:2 Depths:3 Depths:4
Abyss: Depths:3
Pandemonium: Depths:1 Depths:2 Depths:4
Ziggurat: Depths:3

Annotations:
D:8 exclusion: acid dragon
D:10 2 transporters
Slime:5 Royal Jelly
Zot:2 2 transporters, Adanaf's ghost, master MiBe
Zot:5 1 exclusion


Innate Abilities, Weirdness & Mutations

You have a pair of large antennae on your head. (SInv)
You have an unnaturally thin skeletal structure. (Dex +6, Stealth+++)
A meltable icy envelope protects you from harm. (AC +8)
You are resistant to unholy torment.
When hurt, damage is shared between your health and your magic reserves.
You regenerate magic rapidly.
When low on magic, you restore magic in place of health.
A meltable shield of frost defends you. (SH +4)
You punish those that try to bend your will. (Will+)
You possess an exceptional clarity of mind.
You are highly strong-willed. (Will++)


Message History

Press: ? - help, Dir - move target, f/p - hellion
Aim: a hellion (ally target)
You feel a surge of power!
Insubstantial figures form in the air.
Your phantasmal warrior gestures at the hellion.
Your phantasmal warrior blinks!
Unknown command.
Your freezing wraith hits the hellion!
Your freezing wraith freezes the hellion!!
Your freezing wraith hits the hellion.
Your wraith completely misses the hellion.
The hellion hits your freezing wraith but does no damage.
Your freezing wraith hits the hellion.
The hellion dies!
Vehumet accepts your kill.
You see here a +0 robe.
Your wraith disappears in a puff of smoke! x3
Your phantasmal warrior disappears in a puff of smoke!
Your phantasmal warrior disappears in a puff of smoke!
Your wraith disappears in a puff of smoke!
Magic restored.
There is a stone staircase leading up here.
You climb upwards.
There is a stone staircase leading down here.
(D) Dungeon (T) Temple (L) Lair (S) Swamp (P) Snake Pit (M) Slime Pits (O) Orcish Mines (E) Elven Halls (V) Vaults (C) Crypt (U) Depths (H) Hell (Z) Zot
Where to? (Enter - D:4 @ (x,y), ? - help)
What level of the Dungeon? (default 1, ? - help)
There is a stone staircase leading up here.
You climb upwards.
There is a stone staircase leading down here.
There is a stone staircase leading up here.
You climb upwards.
There is a stone staircase leading down here.
You sense a monster nearby.
There is a fountain of clear blue water here.
There is an open door here.
There is a staircase leading out of the dungeon here.
You have escaped!

..#..#............#.............#
###..#.#.########.#.####........#
..#..#.#.......##.#.........#.#.#
.....#.#######........#######.#.#
#.##.#.#.....[...................
#.##.#.#.A###.......##......#####
..##.#.#>.....⌠...⌠.#######.#####
####.#{#.###...#'#...............
#.#{#.# #...#@#...#####.######
##.#.#.###...###...# #...##
###...{#......⌠...⌠..# ####..###
........{...#........# #........
###.#..{....########.# ##.#######
#..........# #....#.# #.....# #
#...##.##### #.##.#.# #.....#
#......# ###.#..#.# #.....#
#....#######...##.#.# #.[...#


You could see an angel.

Vanquished Creatures
  An ancient lich (Vaults:5)
  Frederick (Vaults:3)
  3 Killer Klowns (Zot:5)
  Margery (Vaults:2)
  A curse toe (Zot:4)
  11 golden dragons
  A Hell Sentinel (Abyss:3)
  2 electric golems
  6 tentacled monstrosities
  17 Orb Guardians (Zot:5)
  A lich (Depths:2)
  A deep elf blademaster (Elf:3)
  Asterion (Vaults:3)
  5 quicksilver dragons
  4 titans (Vaults:5)
  5 shadow dragons
  3 tentacled starspawn (Abyss:3)
  An eldritch tentacle (Zot:5)
  3 acid blobs
  3 sphinxes
  3 rockslimes
  10 storm dragons
  5 tengu reavers
  9 draconian monks
  7 nagarajas (Snake:4)
  2 thorn hunters (Swamp:4)
  4 azure jellies
  5 draconian knights
  8 deep elf sorcerers
  A frost giant (Vaults:5)
  Louise (Snake:2)
  5 draconian scorchers
  An iron dragon (Vaults:5)
  13 vault wardens
  7 draconian shifters
  6 fire giants
  3 spriggan defenders (Depths:1)
  3 orc warlords
  7 draconian annihilators
  3 ghost moths
  2 draconian stormcallers
  3 quicksilver oozes
  A juggernaut skeleton (Depths:1)
  14 stone giants
  A ghoul (Swamp:1)
  13 ironbound preservers
  3 war gargoyles
  15 very ugly things
  5 ironbound thunderhulks
  A vampire knight (Depths:3)
  14 green draconians
  5 black draconians
  2 deep elf annihilators (Elf:3)
  3 deep elf demonologists
  5 yellow draconians
  12 red draconians
  3 eleionomae
  9 purple draconians
  A lorocyproca (D:8)
  11 dire elephants
  11 white draconians
  2 deep elf death magi (Elf:3)
  3 bunyips
  5 fire dragons
  A ragged hierophant (Desolation)
  2 deep elf high priests
  13 ettins
  An entropy weaver (Vaults:1)
  8 great orbs of eyes
  2 rakshasas
  10 yaktaur captains
  4 salamander tyrants (Snake:4)
  4 ice dragons
  8 ironbound frosthearts
  5 peacekeepers
  21 hydras
  23 vault guards
  2 ghost crabs
  10 alligators
  2 ogre magi (Vaults:5)
  A spriggan skeleton (Abyss:3)
  5 spriggan air magi
  7 anacondas
  6 centaur warriors
  4 two-headed ogres
  7 boulder beetles
  9 death yaks (Lair:5)
  6 deep troll shamans
  2 hell hogs (Depths:1)
  9 naga warriors
  2 death knights
  7 tengu warriors
  9 hell knights
  11 dancing weapons
  5 deep troll earth magi
  5 naga sharpshooters
  A vampire mage (Depths:3)
  2 spriggan berserkers
  2 titan zombies
  A sun demon (Depths:1)
  14 deep elf knights
  8 shock serpents
  A sixfirhy (Depths:3)
  3 skeletal warriors
  10 spriggans
  7 salamander mystics
  3 iron trolls
  2 skysharks
  A wretched star (Abyss:3)
  9 deep elf archers
  6 spriggan druids
  6 glowing orange brains
  40 deep trolls
  A death drake (Depths:4)
  A sea snake (Snake:2)
  2 flayed ghosts
  4 swamp dragons
  3 goliath frogs
  3 bog bodies
  5 wizards
  A phantasmal warrior (Vaults:5)
  A naga ritualist (Snake:2)
  2 lindwurms (Lair:5)
  14 ironbound convokers
  8 necromancers
  16 deep elf pyromancers
  A shadow dragon zombie (Vaults:2)
  22 deep elf zephyrmancers
  10 orc knights
  A wolf spider (D:15)
  4 orc sorcerers
  20 ugly things
  2 tengu skeletons
  3 mana vipers
  10 cyclopes
  14 salamanders
  A large abomination (Abyss:3)
  5 manticores
  A sphinx zombie (Depths:1)
  3 will-o-the-wisps
  A guardian serpent (shapeshifter) (Vaults:5)
  4 shining eyes
  4 guardian serpents
  A frost giant skeleton (Vaults:2)
  23 black mambas
  13 moths of wrath
  Maurice (D:11)
  A torpor snail (shapeshifter) (Depths:3)
  14 vault sentinels
  8 naga magi
  An eye of devastation (Slime:5)
  15 elephants
  A smoke demon (Depths:1)
  A demonic crawler (Abyss:3)
  2 gargoyles (D:11)
  A torpor snail (Lair:1)
  3 molten gargoyles
  12 cane toads
  A storm dragon simulacrum (Zot:3)
  A hellion (Depths:1)
  3 orange demons
  4 rime drakes
  30 yaktaurs
  An efreet (D:13)
  2 freezing wraiths
  6 tengu conjurers
  4 unseen horror zombies (D:9)
  22 komodo dragons
  4 ancient zymes
  A red devil (Depths:4)
  5 trolls
  2 hellwings
  A meliai (shapeshifter) (D:13)
  A bloated husk (Swamp:2)
  2 polar bears
  3 nameless horrors
  2 unseen horror skeletons (D:9)
  5 meliai
  8 hornets
  6 tyrant leeches
  4 saltlings (Desolation)
  2 raiju (Abyss:3)
  14 dream sheep
  39 slime creatures
  An ettin zombie (Vaults:4)
  5 flying skulls
  An air elemental (Elf:2)
  A culicivora (Vaults:1)
  33 yaks
  6 wyverns
  4 wraiths
  2 ynoxinuls
  2 shadows (D:8)
  3 starcursed masses (Abyss:3)
  3 water elementals
  The ghost of Kranky the Thaumaturge, an amateur GnWn (D:4)
  18 fire elementals
  A steam dragon (Lair:5)
  A vampire (D:12)
  9 golden eyes
  Grum (D:10)
  4 basilisks
  A hog (shapeshifter) (D:15)
  3 vampire mosquitoes
  A basilisk (shapeshifter) (D:14)
  A spectral komodo dragon (Lair:2)
  A death yak simulacrum (IceCv)
  2 spectral cane toads (Lair:2)
  3 neqoxecs (Abyss:3)
  19 nagas
  An ogre zombie (Vaults:4)
  2 wargs
  17 swamp worms
  An acid dragon (D:11)
  12 water moccasins
  2 hydra simulacra (IceCv)
  An acid dragon (shapeshifter) (Elf:1)
  5 hell hounds
  9 swamp drakes
  A spectral torpor snail (Lair:2)
  15 orc warriors
  7 black bears
  3 ice beasts
  2 ogres (Vaults:5)
  A boggart (D:13)
  5 centaurs
  15 wolves
  A phantom (D:5)
  3 kobold brigands
  11 bullfrogs
  6 scorpions
  3 earth elementals
  6 two-headed ogre simulacra
  5 cane toad simulacra (IceCv)
  17 wights
  An elephant simulacrum (IceCv)
  4 killer bees (D:11)
  2 small abominations
  6 howler monkeys
  7 electric eels
  5 lava snakes (Lair:5)
  3 centaur skeletons (D:9)
  3 centaur zombies (D:9)
  19 orc priests
  8 hounds
  3 jellies
  A gnoll bouda (D:8)
  4 iron imps
  2 sleepcaps
  4 iguanas
  25 orc wizards
  4 troll simulacra
  5 spriggan simulacra
  2 wolf simulacra (IceCv)
  A boggart simulacrum (D:13)
  2 howler monkey zombies (D:9)
  14 gnolls
  5 naga simulacra (IceCv)
  12 adders
  5 howler monkey skeletons (D:9)
  2 shadow imps
  6 white imps
  8 ufetubi
  2 worms
  A worm (shapeshifter) (D:13)
  5 dart slugs
  74 orcs
  7 ball pythons
  6 bats
  5 endoplasms
  4 giant cockroaches
  15 goblins
  8 hobgoblins
  36 kobolds
  3 quokkas
  5 frilled lizards
  4 rats
1698 creatures vanquished.

Vanquished Creatures (collateral kills)
  4 dread liches
  An ancient lich (Vaults:5)
  Mara (Swamp:4)
  5 orbs of fire
  A juggernaut (Depths:4)
  Josephina (Zot:3)
  4 Killer Klowns
  Xtahua (Vaults:4)
  A curse toe (Zot:5)
  Jory (Vaults:5)
  3 golden dragons
  the Enchantress (Depths:1)
  2 electric golems (Zot:5)
  A Tzitzimitl (D:8)
  9 tentacled monstrosities
  A lich (Depths:1)
  9 Orb Guardians
  A deep elf blademaster (Elf:3)
  A walking divine tome (Depths:2)
  19 acid blobs
  A titan (Vaults:5)
  5 quicksilver dragons
  2 tentacled starspawn (Abyss:3)
  6 death cobs
  2 ancient champions (Vaults:2)
  3 storm dragons
  A sphinx (Depths:2)
  3 tengu reavers
  7 shadow dragons
  6 fire giants
  9 nagarajas
  Donald (Snake:2)
  8 azure jellies
  4 rockslimes
  3 draconian monks
  5 frost giants
  A deep elf sorcerer (Elf:3)
  An iron dragon (Vaults:5)
  A draconian knight (Zot:2)
  A vault warden (Vaults:3)
  A juggernaut zombie (Depths:1)
  2 ghost moths
  Aizul (Vaults:1)
  A draconian scorcher (Zot:3)
  A cacodemon (Depths:3)
  4 ironbound preservers
  2 draconian stormcallers (Zot:4)
  A ghoul (Swamp:1)
  7 quicksilver oozes
  9 very ugly things
  7 stone giants
  4 draconian annihilators
  2 eleionomae
  3 lorocyprocas
  9 black draconians
  7 green draconians
  5 white draconians
  3 yellow draconians
  A dire elephant (Vaults:4)
  Azrael (D:15)
  3 purple draconians
  8 red draconians
  A blizzard demon (Depths:4)
  5 fire dragons
  2 ettins
  An eidolon (Vaults:2)
  2 jiangshi (Depths:1)
  2 deep elf death magi
  A yaktaur captain (Vaults:5)
  3 vault guards (Vaults:5)
  7 ice dragons
  A salamander tyrant (Snake:4)
  A spriggan air mage (Depths:1)
  6 hydras
  A peacekeeper (Vaults:1)
  Erica (D:11)
  An ogre mage (Vaults:5)
  2 anacondas
  16 dancing weapons
  2 two-headed ogres
  An alligator (Swamp:1)
  2 centaur warriors (Vaults:2)
  10 naga warriors
  6 deep troll earth magi
  3 tengu warriors
  2 thrashing horrors (Abyss:3)
  10 naga sharpshooters
  2 vampire magi
  An orc high priest (Orc:2)
  4 hell knights
  2 spriggan berserkers
  Nergalle (Orc:1)
  2 soul eaters (Depths:1)
  2 sun demons (Depths:1)
  2 goliath frogs (Swamp:3)
  3 skeletal warriors (D:14)
  2 salamander mystics
  2 cherubim (D:15)
  2 death drakes
  12 deep trolls
  2 naga ritualists (Snake:4)
  4 swamp dragons (Swamp:4)
  An orc knight (Vaults:3)
  4 bog bodies
  A necromancer (Vaults:2)
  A phantasmal warrior (Vaults:4)
  A deep elf zephyrmancer (Elf:2)
  4 mana vipers (Snake:4)
  3 ironbound convokers
  An orc sorcerer (Orc:2)
  A will-o-the-wisp (Swamp:4)
  16 salamanders
  5 shining eyes
  16 ugly things
  2 large abominations (Abyss:3)
  4 moths of wrath
  A centaur zombie (Abyss:3)
  2 vault sentinels (Vaults:5)
  An ice statue (IceCv)
  An eye of devastation (Slime:3)
  12 black mambas
  4 guardian serpents
  An orange demon (Depths:3)
  10 naga magi
  A gargoyle (D:11)
  4 smoke demons
  2 efreet
  2 freezing wraiths
  A storm dragon simulacrum (Zot:3)
  A hellion (D:4)
  2 yaktaurs (Vaults:5)
  A tormentor (Zot:3)
  A tengu conjurer (Depths:1)
  An ancient zyme (Abyss:3)
  A hellwing (Abyss:3)
  2 trolls (Orc:2)
  A queen bee (Abyss:3)
  2 raiju (Abyss:3)
  A meliai (Abyss:3)
  6 saltlings
  A tyrant leech (Swamp:1)
  2 nameless horrors
  2 hornets
  57 slime creatures
  A draconian simulacrum (Zot:3)
  A vampire (D:12)
  3 spriggans
  A centaur simulacrum (D:13)
  An air elemental (Elf:1)
  A wraith (D:12)
  2 yaks (D:11)
  A yak (shapeshifter) (D:13)
  10 fire elementals
  A chaos spawn (Abyss:3)
  3 vampire mosquitoes
  2 death yak simulacra (IceCv)
  A warg (Orc:1)
  15 nagas
  An acid dragon (D:8)
  A floating eye (shapeshifter) (Vaults:5)
  A moth of wrath simulacrum (Zot:3)
  A floating eye (Depths:3)
  3 swamp drakes
  15 orc warriors
  An ogre (Orc:1)
  A small abomination (Abyss:3)
  2 elephant simulacra (IceCv)
  A quasit (Abyss:3)
  7 orc priests
  2 starcursed masses (Abyss:3)
  A gnoll bouda (Orc:2)
  4 orc wizards
  A polar bear simulacrum (IceCv)
  A spriggan simulacrum (IceCv)
  A wolf simulacrum (IceCv)
  2 gnolls (Orc:2)
  4 ufetubi
  14 orcs
641 creatures vanquished.

Vanquished Creatures (others)
  A death cob (Zot:1)
  A deep elf elementalist (Elf:3)
  A black draconian (Zot:2)
  2 phantasmal warriors (Vaults:5)
  An ice devil (Zot:5)
  A moth of wrath simulacrum (Zot:3)
  4 foxfires
  10 starspawn tentacles (Abyss:3)
21 creatures vanquished.

Grand Total: 2360 creatures vanquished

Notes
Turn   | Place    | Note
-------+----------+-------------------------------------------
     0 | D:1      | riellis1 the Demonspawn Venom Mage began the quest for the
                  | Orb.
     0 | D:1      | Reached XP level 1. HP: 13/13 MP: 3/3
   293 | D:1      | Gained mutation: A meltable shield of frost defends you.
                  | (SH +4) [demonic ancestry]
   293 | D:1      | Reached XP level 2. HP: 19/19 MP: 1/5
   459 | D:1      | Learned a level 2 spell: Poisonous Vapours
   464 | D:1      | Reached skill level 3 in Spellcasting
  1266 | D:2      | Found a sacrificial altar of Ru.
  1404 | D:2      | Gained mutation: You regenerate magic rapidly. [demonic
                  | ancestry]
  1404 | D:2      | Reached XP level 3. HP: 24/24 MP: 0/7
  1498 | D:2      | Found Othamn's Distillery.
  1505 | D:2      | Bought a potion of curing for 39 gold pieces
  1746 | D:2      | Reached skill level 4 in Spellcasting
  1896 | D:2      | Gained mutation: You have a somewhat thin skeletal
                  | structure. (Dex +2, Stealth+) [demonic ancestry]
  1896 | D:2      | Reached XP level 4. HP: 30/30 MP: 7/10
  1972 | D:2      | Found Xaemats's Distillery.
  1975 | D:2      | Bought a potion of heal wounds for 70 gold pieces
  2087 | D:2      | Found Bauczyom's Book Emporium.
  2214 | D:3      | Learned a level 4 spell: Olgreb's Toxic Radiance
  2473 | D:3      | Found a faded altar of an unknown god.
  2814 | D:3      | Found a basalt altar of Yredelemnul.
  3208 | D:4      | Gained mutation: When hurt, damage is shared between your
                  | health and your magic reserves. [demonic ancestry]
  3208 | D:4      | Reached XP level 5. HP: 35/35 MP: 8/11
  3298 | D:3      | Reached skill level 5 in Poison Magic
  3313 | D:3      | Learned a level 3 spell: Vampiric Draining
  3484 | D:4      | Found a large runed translucent door.
  3484 | D:4      | Found a large runed translucent door.
  3488 | D:4      | Noticed Kranky's ghost (amateur GnWn)
  3809 | D:4      | Found a bloodstained altar of Trog.
  3937 | D:5      | Entered Level 5 of the Dungeon
  3966 | D:5      | Gained mutation: You have a pair of small antennae on your
                  | head. [demonic ancestry]
  3966 | D:5      | Reached XP level 6. HP: 25/41 MP: 0/12
  4408 | D:5      | Identified a scroll of acquirement
  4679 | D:5      | Gained mutation: When low on magic, you restore magic in
                  | place of health. [demonic ancestry]
  4679 | D:5      | Reached XP level 7. HP: 35/46 MP: 8/13
  4763 | D:5      | Found a radiant altar of Vehumet.
  4778 | D:5      | Became a worshipper of Vehumet
  5390 | D:6      | You fall into a shaft and drop 2 floors!
  5460 | D:8      | Found an iron altar of Okawaru.
  5496 | D:8      | Reached skill level 5 in Necromancy
  5665 | D:7      | Found a flagged portal.
  5671 | Bailey   | Entered a bailey
  5732 | Bailey   | Noticed an orc knight
  5736 | Bailey   | Reached * piety under Vehumet
  5736 | Bailey   | Offered knowledge of Sandblast by Vehumet.
  5739 | Bailey   | Learned a level 1 spell: Sandblast
  5759 | Bailey   | Reached XP level 8. HP: 52/52 MP: 11/14
  5798 | Bailey   | Reached skill level 1 in Earth Magic
  5910 | Bailey   | Killed an orc knight
  5979 | Bailey   | Reached skill level 5 in Earth Magic
  6379 | D:7      | Gained mutation: You have a pair of antennae on your head.
                  | [demonic ancestry]
  6379 | D:7      | Reached XP level 9. HP: 57/57 MP: 15/15
  6489 | D:7      | Offered knowledge of Freeze by Vehumet.
  6885 | D:6      | Reached ** piety under Vehumet
  6928 | D:6      | Found a hazy altar of Hepliaklqana.
  7276 | D:2      | Bought a potion of haste for 130 gold pieces
  7276 | D:2      | Bought a potion of brilliance for 52 gold pieces
  7598 | D:8      | Identified the +2 buckler of Zin's Anger {Str+2 Dex+6}
  7705 | D:8      | Identified the +5 eveningstar of Makhleb {freeze, rN++
                  | Str+4 Int+2}
  7733 | D:8      | Reached skill level 1 in Shields
  7900 | D:8      | Found a hide-covered altar of Uskayaw.
  8093 | D:8      | Found a broken altar of Ashenzari.
  8264 | D:8      | Noticed a cyan ugly thing
  8283 | D:8      | Killed a cyan ugly thing
  8283 | D:8      | Offered knowledge of Momentum Strike by Vehumet.
  8284 | D:8      | Reached XP level 10. HP: 63/63 MP: 14/16
  8314 | D:8      | Learned a level 4 spell: Sticky Flame
  8335 | D:8      | Noticed a deep elf pyromancer
  8344 | D:8      | Killed a deep elf pyromancer
  8345 | D:8      | Reached skill level 5 in Shields
  8406 | D:8      | Noticed a white ugly thing
  8429 | D:8      | Killed a white ugly thing
  9266 | D:6      | Found a staircase to the Ecumenical Temple.
  9281 | D:6      | Learned a level 2 spell: Momentum Strike
  9541 | D:6      | Reached *** piety under Vehumet
 10181 | D:6      | Found a staircase to the Ecumenical Temple.
 10647 | D:6      | Found a hazy altar of Hepliaklqana.
 10970 | D:5      | Reached skill level 5 in Spellcasting
 11273 | D:9      | Noticed a tengu warrior
 11293 | D:9      | Killed a tengu warrior
 11294 | D:9      | Reached skill level 5 in Fire Magic
 11404 | D:9      | Found a stormy altar of Qazlal.
 11429 | D:9      | Found a burning altar of Makhleb.
 11479 | D:9      | Found a sparkling altar of Nemelex Xobeh.
 11483 | D:9      | Reached skill level 6 in Spellcasting
 11483 | D:9      | Reached skill level 1 in Conjurations
 11518 | D:9      | Found a blossoming altar of Fedhas.
 11625 | D:9      | Reached XP level 11. HP: 54/68 MP: 14/20
 11779 | D:8      | Offered knowledge of Stone Arrow by Vehumet.
 11784 | D:8      | Learned a level 3 spell: Stone Arrow
 12043 | D:9      | Reached skill level 7 in Spellcasting
 12277 | D:9      | Found a shimmering blue altar of Sif Muna.
 12348 | D:9      | Reached skill level 1 in Fighting
 12364 | D:9      | Noticed a skeletal warrior
 12422 | D:9      | Killed a skeletal warrior
 12422 | D:9      | Reached **** piety under Vehumet
 12531 | D:9      | Noticed a two-headed ogre
 12536 | D:9      | Killed a two-headed ogre
 12537 | D:9      | Reached skill level 5 in Conjurations
 12554 | D:9      | Offered knowledge of Lee's Rapid Deconstruction by Vehumet.
 12598 | D:9      | Reached skill level 8 in Spellcasting
 12869 | D:10     | Entered Level 10 of the Dungeon
 12893 | D:10     | Noticed a two-headed ogre
 12905 | D:10     | Killed a two-headed ogre
 12987 | D:10     | Found a shimmering altar of Xom.
 13132 | D:10     | Noticed an orc high priest
 13135 | D:10     | Found a transporter.
 13135 | D:10     | Found a transporter.
 13145 | D:10     | Noticed a fire crab
 13175 | D:10     | Found an ornate altar of the Wu Jian Council.
 13192 | D:10     | Reached skill level 5 in Fighting
 13231 | D:10     | Gained mutation: You have a moderately thin skeletal
                  | structure. (Dex +4, Stealth++) [demonic ancestry]
 13231 | D:10     | Reached XP level 12. HP: 80/86 MP: 17/24
 13360 | D:10     | Noticed Grum
 13374 | D:10     | Reached skill level 9 in Spellcasting
 13375 | D:10     | Killed Grum
 13418 | D:10     | Upgraded the game from 0.30.1-9-gdf580d7c3d to
                  | 0.30.1-11-g7821555f0a
 13541 | D:10     | Found a staircase to the Lair.
 13564 | D:10     | Learned a level 5 spell: Lee's Rapid Deconstruction
 13896 | D:10     | Found a staircase to the Lair.
 13959 | D:10     | Found a shimmering altar of Xom.
 14003 | D:10     | Found a transporter.
 14031 | D:10     | Found an ornate altar of the Wu Jian Council.
 14159 | D:10     | Found a transporter.
 14498 | D:4      | Killed Kranky's ghost
 14753 | Lair:1   | Entered Level 1 of the Lair of Beasts
 14814 | Lair:1   | Noticed a boulder beetle
 14822 | Lair:1   | Killed a boulder beetle
 15112 | Lair:1   | Reached skill level 10 in Spellcasting
 15908 | Lair:2   | Reached ***** piety under Vehumet
 15976 | Lair:2   | Offered knowledge of Starburst by Vehumet.
 16027 | Lair:2   | Reached skill level 10 in Fighting
 16079 | Lair:2   | Reached skill level 5 in Dodging
 16466 | Lair:2   | Gained mutation: A meltable icy envelope protects you from
                  | harm. (AC +8) [demonic ancestry]
 16466 | Lair:2   | Reached XP level 13. HP: 103/103 MP: 21/27
 16701 | Lair:2   | Learned a level 7 spell: Spellforged Servitor
 16717 | Lair:2   | Found a staircase to the Swamp.
 16729 | Lair:2   | Reached skill level 1 in Summonings
 17240 | D:2      | Bought a potion of mutation for 104 gold pieces
 17923 | Lair:3   | Reached skill level 5 in Summonings
 18095 | Lair:3   | You are sucked into a shaft and drop 2 floors!
 18095 | Lair:5   | Entered Level 5 of the Lair of Beasts
 18457 | Lair:3   | Found a staircase to the Snake Pit.
 18788 | Lair:4   | Found a staircase to the Slime Pits.
 19093 | Lair:4   | Acquired the +0 hat of Perfidy {rF+ Str-5 Stlth+}
 19187 | Lair:4   | Identified the +5 scale mail "Irriu" {rElec Int+5 Slay-6}
 20340 | Lair:5   | Reached XP level 14. HP: 110/110 MP: 24/28
 20535 | Lair:5   | Reached skill level 10 in Summonings
 20675 | Lair:5   | Identified the +0 quarterstaff "Beetlebane" {heavy, rPois
                  | Stlth+}
 20755 | Lair:5   | Offered knowledge of Irradiate by Vehumet.
 21146 | Lair:5   | Found a large runed translucent door.
 21146 | Lair:5   | Found a large runed translucent door.
 21957 | D:11     | Found a frozen archway.
 21982 | IceCv    | Entered an ice cave
 22444 | IceCv    | Found the +2 Maxwell's thermic engine {flame, freeze, rev}
 22503 | IceCv    | Reached skill level 11 in Spellcasting
 22697 | D:11     | Offered knowledge of Plasma Beam by Vehumet.
 22814 | D:11     | Found Yhoasieh's General Store.
 22828 | D:11     | Bought a potion of lignification for 51 gold pieces
 22828 | D:11     | Bought a scroll of vulnerability for 68 gold pieces
 22828 | D:11     | Bought a scroll of blinking for 127 gold pieces
 22844 | D:11     | Noticed Erica
 22852 | D:11     | Killed Erica
 22910 | D:11     | Found a staircase to the Orcish Mines.
 23105 | D:11     | Found Nlood's Needful Niceties.
 23368 | D:11     | Noticed Maurice
 23376 | D:11     | Killed Maurice
 23523 | D:11     | Bought a Necronomicon for 896 gold pieces
 23586 | Orc:1    | Entered Level 1 of the Orcish Mines
 23594 | Orc:1    | Noticed Nergalle
 23599 | Orc:1    | Killed Nergalle
 23820 | Orc:2    | Entered Level 2 of the Orcish Mines
 23833 | Orc:2    | Found a staircase to the Elven Halls.
 24077 | Orc:2    | Found Oforhang's Antique Weapon Boutique.
 24124 | Orc:2    | Found Zemib's General Store.
 24140 | Orc:1    | Reached skill level 10 in Conjurations
 24745 | Orc:2    | Reached XP level 15. HP: 108/114 MP: 15/30
 24755 | Orc:2    | Reached skill level 12 in Spellcasting
 24757 | Orc:2    | Paralysed by an orc sorcerer for 4 turns
 24823 | Orc:2    | Found Ecigiras's Antique Weapon Shop.
 24945 | Orc:2    | Found Ruutur's Book Emporium.
 24958 | Orc:2    | Bought Sif Muna's Atlas of the Tincture for 286 gold pieces
 24962 | Orc:2    | Learned a level 3 spell: Ignite Poison
 25031 | Orc:2    | Offered knowledge of Iron Shot by Vehumet.
 25040 | Orc:2    | Found Xac Wor's Weapon Shop.
 25040 | Orc:2    | Found Dymes's Distillery.
 25041 | Orc:2    | Found Mofoin's Weapon Boutique.
 25045 | Orc:2    | Found Veaxtoc's Jewellery Shop.
 25051 | Orc:2    | Bought a potion of heal wounds for 75 gold pieces
 25051 | Orc:2    | Bought a potion of magic for 120 gold pieces
 25051 | Orc:2    | Bought a potion of heal wounds for 75 gold pieces
 25051 | Orc:2    | Bought 2 potions of heal wounds for 150 gold pieces
 25179 | Orc:2    | Reached ****** piety under Vehumet
 25203 | Orc:2    | Found Oforhang's Antique Weapon Boutique.
 25288 | Orc:2    | Found a staircase to the Elven Halls.
 25369 | Orc:2    | Found Xac Wor's Weapon Shop.
 25369 | Orc:2    | Found Veaxtoc's Jewellery Shop.
 25370 | Orc:2    | Found Mofoin's Weapon Boutique.
 25380 | Orc:2    | Found Dymes's Distillery.
 25430 | Orc:2    | Found Ecigiras's Antique Weapon Shop.
 25459 | Orc:2    | Found Zemib's General Store.
 25678 | Orc:2    | Found Ruutur's Book Emporium.
 26377 | D:12     | Found the necklace of Bloodlust {Fury *Rage Will++ Int-3
                  | Slay+6}
 26772 | D:13     | Found a gate to the Vaults.
 26937 | D:13     | Reached skill level 13 in Spellcasting
 27508 | D:13     | Offered knowledge of Fireball by Vehumet.
 27749 | D:13     | Reached skill level 14 in Spellcasting
 27926 | D:13     | Learned a level 6 spell: Iron Shot
 27938 | D:13     | Identified the +4 flail of the Sneaky Nightmares {flame,
                  | Fly Str+2 Int+7 Dex-2}
 28801 | D:15     | Entered Level 15 of the Dungeon
 29062 | D:15     | Found a staircase to the Depths.
 29769 | D:15     | Noticed Azrael
 29777 | D:15     | Killed Azrael
 29778 | D:15     | Gained mutation: You punish those that try to bend your
                  | will. (Will+) [demonic ancestry]
 29778 | D:15     | Reached XP level 16. HP: 122/122 MP: 21/34
 30265 | Swamp:1  | Entered Level 1 of the Swamp
 30509 | Swamp:1  | Reached skill level 10 in Fire Magic
 30522 | Swamp:1  | Offered knowledge of Freezing Cloud by Vehumet.
 31407 | Swamp:3  | Reached skill level 10 in Necromancy
 32077 | Swamp:4  | Entered Level 4 of the Swamp
 32077 | Swamp:4  | Noticed Mara
 32413 | Swamp:4  | Noticed riellis1's illusion
 32421 | Swamp:4  | Killed Mara
 32744 | Swamp:4  | Offered knowledge of Maxwell's Capacitive Coupling by
                  | Vehumet.
 32749 | Swamp:4  | Gained mutation: You have a pair of large antennae on your
                  | head. (SInv) [demonic ancestry]
 32749 | Swamp:4  | Reached XP level 17. HP: 128/128 MP: 28/35
 33119 | Swamp:4  | Got a decaying rune of Zot
 33401 | Snake:1  | Entered Level 1 of the Snake Pit
 33545 | Snake:1  | Found Suikh's Magic Scroll Emporium.
 33545 | Snake:1  | Found Oraadgh's Book Shoppe.
 33546 | Snake:1  | Found Ulyr's Magic Scroll Shoppe.
 33553 | Snake:1  | Found Zesoss's Book Emporium.
 33665 | Snake:1  | Bought a scroll of blinking for 105 gold pieces
 34426 | Snake:2  | Found Gulo's Jewellery Boutique.
 34498 | Snake:2  | Noticed Donald
 34501 | Snake:2  | Killed Donald
 34505 | Snake:2  | Reached skill level 15 in Spellcasting
 34507 | Snake:2  | Reached skill level 15 in Necromancy
 34507 | Snake:2  | Noticed Louise
 34514 | Snake:2  | Learned a level 6 spell: Death Channel
 34515 | Snake:2  | Killed Louise
 35939 | Snake:3  | Found Beqekhli's Book Shop.
 35939 | Snake:3  | Found Xoynymeb's Jewellery Shoppe.
 35940 | Snake:3  | Found Webiaqan's Book Shop.
 35946 | Snake:3  | Bought the Atlas of Hyperborean Necromancy for 630 gold
                  | pieces
 35997 | Snake:3  | Identified the +0 rapier "Egoas" {protect, rPois}
 36232 | Snake:4  | Entered Level 4 of the Snake Pit
 36591 | Snake:4  | Gained mutation: A meltable icy envelope protects you from
                  | harm. (AC +8) [demonic ancestry]
 36591 | Snake:4  | Reached XP level 18. HP: 134/134 MP: 37/37
 36954 | Snake:4  | Reached skill level 16 in Spellcasting
 37084 | Snake:4  | Offered knowledge of Lehudib's Crystal Spear by Vehumet.
 37084 | Snake:4  | Offered knowledge of Fire Storm by Vehumet.
 37084 | Snake:4  | Offered knowledge of Shatter by Vehumet.
 37765 | Snake:4  | Reached skill level 17 in Spellcasting
 37963 | Snake:4  | Got a serpentine rune of Zot
 38407 | Snake:4  | Learned a level 1 spell: Summon Small Mammal
 38416 | Snake:4  | Learned a level 7 spell: Haunt
 38655 | Elf:1    | Entered Level 1 of the Elven Halls
 38773 | Elf:1    | Reached skill level 18 in Spellcasting
 38946 | Elf:1    | Found Ziwouc's General Store.
 38949 | Elf:1    | Found Wung's Specific Store.
 39026 | Elf:1    | Found a portal to a secret trove of treasure.
 39228 | Abyss:3  | Cast into level 3 of the Abyss (a deep elf sorcerer)
 39334 | Elf:1    | Escaped the Abyss
 39398 | Elf:1    | Gained mutation: You are resistant to unholy torment.
                  | [demonic ancestry]
 39398 | Elf:1    | Reached XP level 19. HP: 37/140 MP: 39/41
 40189 | Elf:2    | Found a runed translucent gate.
 40189 | Elf:2    | Found a runed translucent gate.
 40189 | Elf:2    | Found a runed translucent gate.
 40223 | Elf:2    | Noticed a Brimstone Fiend
 40948 | Elf:3    | Entered Level 3 of the Elven Halls
 41035 | Elf:3    | Found Sithu's Antique Weapon Boutique.
 41490 | Vaults:1 | Entered Level 1 of the Vaults
 41591 | Vaults:1 | Identified the +4 dagger of the Scorching Gods {flame,
                  | rCorr Dex+3}
 41677 | Vaults:1 | Found a crumbling gateway.
 41695 | Desolati | Entered the Desolation of Salt
 41959 | Vaults:1 | Reached skill level 10 in Dodging
 42150 | Vaults:1 | Noticed Aizul
 42160 | Vaults:1 | Killed Aizul
 42421 | Vaults:1 | Gained mutation: You have an unnaturally thin skeletal
                  | structure. (Dex +6, Stealth+++) [demonic ancestry]
 42421 | Vaults:1 | Reached XP level 20. HP: 153/153 MP: 29/42
 43382 | Vaults:2 | Found a staircase to the Crypt.
 43437 | Vaults:2 | Learned a level 3 spell: Ozocubu's Armour
 43522 | Vaults:2 | Noticed Margery
 43531 | Vaults:2 | Killed Margery
 43779 | Vaults:2 | Identified the +3 ring mail of Zeukhloil {rPois}
 44620 | Vaults:2 | Found a staircase to the Crypt.
 45717 | Vaults:3 | Identified the +7 chain mail "Fynoegis" {Harm +Blink Will-}
 45777 | Vaults:3 | Noticed Frederick
 45785 | Vaults:3 | Killed Frederick
 45861 | Vaults:3 | Noticed Asterion
 45868 | Vaults:3 | Killed Asterion
 45998 | Vaults:3 | Found Laluoky's Distillery.
 46090 | Vaults:3 | Reached skill level 15 in Fighting
 46090 | Vaults:3 | Reached skill level 1 in Transmutations
 46364 | Vaults:3 | Reached XP level 21. HP: 127/168 MP: 19/43
 47268 | Vaults:3 | Found Laluoky's Distillery.
 47928 | Vaults:4 | Noticed Xtahua
 47934 | Vaults:4 | Killed Xtahua
 48282 | Vaults:4 | Reached skill level 19 in Spellcasting
 49304 | Vaults:5 | Entered Level 5 of the Vaults
 49304 | Vaults:5 | Noticed Jory
 50149 | Vaults:5 | Killed Jory
 50372 | Vaults:5 | Reached skill level 20 in Spellcasting
 50378 | Vaults:5 | Learned a level 5 spell: Borgnjor's Vile Clutch
 50389 | Vaults:5 | Identified the +7 sling of Interdependent Arising {freeze,
                  | rN+ Dex+3}
 50501 | Vaults:5 | Noticed a dread lich
 50503 | Vaults:5 | Noticed an ancient lich
 50521 | Vaults:5 | Killed a dread lich
 50586 | Vaults:5 | Noticed a dread lich
 50601 | Vaults:5 | Noticed an ancient lich
 50606 | Vaults:5 | Killed a dread lich
 50610 | Vaults:5 | Noticed a golden dragon
 50613 | Vaults:5 | Killed an ancient lich
 50616 | Vaults:5 | Killed a golden dragon
 50736 | Vaults:5 | Reached skill level 21 in Spellcasting
 50742 | Vaults:5 | Identified the staff of air "Nuesip" {rElec Str+3}
 50936 | Vaults:5 | Reached XP level 22. HP: 175/175 MP: 37/47
 50955 | Vaults:5 | Killed an ancient lich
 51419 | Vaults:5 | Got the Anthology of Intuition
 51533 | Vaults:5 | Noticed a dread lich
 51559 | Vaults:5 | Killed a dread lich
 51632 | Vaults:5 | Reached skill level 22 in Spellcasting
 51811 | Vaults:5 | Got a silver rune of Zot
 52577 | Snake:3  | Bought the ring of Gozag's Regard {rPois rC+ Will++ AC+4}
                  | for 1023 gold pieces
 53009 | Depths:1 | Entered Level 1 of the Depths
 53342 | Depths:1 | Found a gateway to Hell.
 53474 | Depths:1 | Noticed the Enchantress
 53488 | Depths:1 | Killed the Enchantress
 53549 | Depths:1 | Reached skill level 23 in Spellcasting
 53625 | Depths:1 | Found a one-way gate leading to the halls of Pandemonium.
 54418 | Depths:1 | Found a one-way gate leading to the halls of Pandemonium.
 54531 | Depths:1 | Found a gateway to Hell.
 55362 | Depths:2 | Learned a level 8 spell: Necromutation
 55418 | Depths:2 | Found a shadowy altar of Dithmenos.
 55594 | Depths:2 | Reached XP level 23. HP: 181/181 MP: 29/50
 56024 | Depths:3 | Paralysed by a floating eye for 3 turns
 56026 | Depths:3 | Reached skill level 24 in Spellcasting
 56162 | Depths:3 | Found a one-way gateway to a ziggurat.
 56321 | Depths:3 | Reached skill level 5 in Transmutations
 56482 | Depths:3 | Found the +7 captain's cutlass {speed, disarm}
 56525 | Depths:3 | Found a one-way gate to the infinite horrors of the Abyss.
 58024 | Depths:4 | Entered Level 4 of the Depths
 58031 | Depths:4 | Reached skill level 10 in Transmutations
 58357 | Depths:4 | Found a basalt altar of Yredelemnul.
 58607 | Depths:4 | Noticed a juggernaut
 58614 | Depths:4 | Killed a juggernaut
 59614 | Depths:4 | Reached XP level 24. HP: 182/188 MP: 29/51
 59625 | Depths:4 | Identified the +3 short sword of Usir Via {elec, rN++}
 59694 | Depths:4 | Found a gate to the Realm of Zot.
 59843 | Depths:4 | Identified the +6 plate armour of the Bells {rPois Str+6
                  | Dex-3}
 60219 | Zot:1    | Entered Level 1 of the Realm of Zot
 60258 | Zot:1    | Identified the +0 robe "Osiec" {Contam rElec rF+ Dex+2}
 62572 | Snake:3  | Bought the ring of the Failed Coup {Drain rC+ rCorr Str+2
                  | Dex+2} for 552 gold pieces
 62825 | D:11     | Bought a manual of Necromancy for 1280 gold pieces
 64316 | Zot:2    | Found a transporter.
 64324 | Zot:2    | Found a transporter.
 64333 | Zot:2    | Found a bloodstained altar of Trog.
 64333 | Zot:2    | Noticed Adanaf's ghost (master MiBe)
 64333 | Zot:2    | Identified the +1 cloak of the Equator {Str+2 Dex+4}
 64343 | Zot:2    | Identified the +0 cloak "Buofahit" {Stlth+}
 65110 | Zot:2    | Found a transporter.
 65126 | Zot:2    | Found a transporter.
 65161 | Zot:2    | Found a bloodstained altar of Trog.
 65627 | Zot:3    | Identified the ring "Amuopp" {Ice Int+6}
 65627 | Zot:3    | Noticed Josephina
 65645 | Zot:3    | Killed Josephina
 67915 | Elf:1    | You paid a toll of 16 potions of curing to enter a treasure
                  | trove
 67916 | Trove    | Entered a treasure trove
 67918 | Trove    | Found the +3 pair of mountain boots {steadfast, rC+}
 67922 | Trove    | Identified the +1 pair of boots of the Grue {Harm +Blink
                  | rC+ Will+}
 67929 | Trove    | Identified the +0 pair of gloves of Koawun {rC+ Str+3}
 67931 | Trove    | Identified the +1 leather armour of the Villain {Will-
                  | Str+3 Dex+2}
 67935 | Trove    | Identified the orb of Xeczecoa {mayhem, rC+}
 69000 | D:2      | Bought a potion of curing for 42 gold pieces
 69000 | D:2      | Bought a potion of curing for 42 gold pieces
 70498 | Zot:4    | Reached XP level 25. HP: 185/195 MP: 43/51
 70842 | Zot:4    | Reached skill level 15 in Transmutations
 71022 | Zot:4    | Noticed a Killer Klown
 71030 | Zot:4    | Killed a Killer Klown
 71249 | Zot:4    | Noticed an orb of fire
 71275 | Zot:4    | Killed an orb of fire
 71489 | Zot:4    | Noticed a Killer Klown
 71507 | Zot:4    | Killed a Killer Klown
 71725 | Zot:5    | Entered Level 5 of the Realm of Zot
 71738 | Zot:5    | Noticed an orb of fire
 71762 | Zot:5    | Killed an orb of fire
 73753 | Zot:5    | Noticed an orb of fire
 73756 | Zot:5    | Noticed a dread lich
 73760 | Zot:5    | Noticed a Killer Klown
 73762 | Zot:5    | Noticed an orb of fire
 73765 | Zot:5    | Noticed a Killer Klown
 73765 | Zot:5    | Noticed a Killer Klown
 73768 | Zot:5    | Noticed an orb of fire
 73777 | Zot:5    | Gained mutation: Armour fits poorly on your strangely
                  | shaped body. [an orb of fire]
 74386 | Zot:5    | Killed an orb of fire
 74451 | Zot:5    | Lost mutation: Armour fits poorly on your strangely shaped
                  | body. [potion of mutation]
 74451 | Zot:5    | Gained mutation: Your flesh is cold resistant. (rC+)
                  | [potion of mutation]
 75104 | Zot:5    | Killed a Killer Klown
 75141 | Zot:5    | Gained mutation: You are vulnerable to heat. (rF-) [an orb
                  | of fire]
 75484 | Zot:5    | Gained mutation: You are weak. (Str -2) [an orb of fire]
 75490 | Zot:5    | Lost mutation: You are weak. (Str -2) [potion of mutation]
 75490 | Zot:5    | Lost mutation: Your flesh is cold resistant. (rC+) [potion
                  | of mutation]
 75490 | Zot:5    | Gained mutation: Your skin changes colour to match your
                  | surroundings (Stealth+). [potion of mutation]
 75491 | Zot:5    | Lost mutation: You are vulnerable to heat. (rF-) [potion of
                  | mutation]
 75491 | Zot:5    | Lost mutation: Your skin changes colour to match your
                  | surroundings (Stealth+). [potion of mutation]
 75491 | Zot:5    | Gained mutation: You are weak. (Str -2) [potion of
                  | mutation]
 75491 | Zot:5    | Gained mutation: You possess an exceptional clarity of
                  | mind. [potion of mutation]
 75501 | Zot:5    | Killed a Killer Klown
 75856 | Zot:5    | Noticed a Killer Klown
 75864 | Zot:5    | Killed a Killer Klown
 75954 | Zot:5    | Killed an orb of fire
 76325 | Zot:5    | Killed an orb of fire
 76470 | Zot:5    | Killed a Killer Klown
 76886 | Zot:5    | Noticed a Killer Klown
 76900 | Zot:5    | Killed a Killer Klown
 76901 | Zot:5    | Reached XP level 26. HP: 211/211 MP: 42/51
 77234 | Zot:5    | Killed a dread lich
 79001 | Slime:1  | Entered Level 1 of the Pits of Slime
 79390 | Slime:1  | Gained mutation: Your magical capacity is low. (-10% MP) [a
                  | shining eye]
 79558 | Slime:1  | Lost mutation: Your magical capacity is low. (-10% MP)
                  | [potion of mutation]
 79558 | Slime:1  | Lost mutation: You are weak. (Str -2) [potion of mutation]
 79558 | Slime:1  | Gained mutation: You are strong-willed. (Will+) [potion of
                  | mutation]
 79558 | Slime:1  | Gained mutation: You are highly strong-willed. (Will++)
                  | [potion of mutation]
 79591 | Slime:1  | Learned a level 8 spell: Lehudib's Crystal Spear
 80536 | Slime:5  | Entered Level 5 of the Pits of Slime
 80548 | Slime:5  | Reached skill level 25 in Spellcasting
 80586 | Slime:5  | Noticed the Royal Jelly
 81839 | Slime:5  | Found a viscous altar of Jiyva.
 82423 | Depths:3 | Voluntarily entered the Abyss.
 82503 | Abyss:3  | Reached skill level 15 in Dodging
 82831 | Depths:3 | Escaped the Abyss
 83072 | Zot:5    | Got the Orb of Zot
 83078 | Zot:5    | Noticed Uroam the pandemonium lord
 83100 | Zot:5    | Noticed Itaad the pandemonium lord
 83203 | Zot:2    | Noticed Meujewah the pandemonium lord
 83508 | D:10     | Noticed Qirchag the pandemonium lord
 83738 | D:$      | Escaped with the Orb!

Illustrated notes

Levels and vault maps discovered:
D:1:      scummos_arrival_simple_fountains, layout_basic
D:2:      layout_basic, serial_shops, nicolae_shop_industrial_runoff,
          nicolae_shop_tiny_real_fake_doors, shop, basic_altar,
          kennysheep_decorative_pillar
D:3:      layout_basic, mainiacjoe_overflow_alcove_1,
          hellmonk_ecumenical_altar_pennies_from_heaven
D:4:      layout_cave_pools, trog_three_pillars_becter,
          ebering_ghost_disaster_area, nicolae_zen_rock_garden
D:5:      layout_basic, nicolae_vehumet_altar_sigil, minmay_misc_feat_roman,
          chequers_serial_rivers_micro_d
D:6:      minmay_recursive_quarters, layout_basic,
          worldfamousw_hep_ancestral_shrine, minmay_temple_entry_steel_oval,
          minmay_misc_feat_tower
D:7:      layout_cave_pools, enter_bailey_3, eino_small_chamber_without_monster,
          dreamdust_princess_bridge, minmay_misc_feat_rugged
D:8:      minmay_weird_star, layout_loops_cross, mainiacjoe_overflow_24_doors,
          old_standard_altar, elyvilon_altar_3, cheibrodos_ashenzari_chains,
          wad_mini_maze
D:9:      hangedman_screamer, layout_rooms, zin_scriptorium,
          fedhas_ov_isle_minmay, mainiacjoe_overflow_concentric_impassable,
          demons_altar, nicolae_qazlal_general_emergency,
          nicolae_sif_muna_little_library
D:10:     gammafunk_wand_slinger, layout_irregular_city, kennysheep_mini_moat,
          old_standard_altar, erik_lair_island, serial_bayou,
          serial_bayou_crossing, serial_bayou_pond_d, serial_bayou_pond_e,
          hangedman_decor_growths, uniq_grum
D:11:     layout_basic, hiddenorc1_lemuel, serial_shops, nicolae_diamond_shop,
          portal_ice_cave_entry_ice_simulacra, nicolae_alphabet_shops,
          uniq_maurice, uniq_erica
D:12:     layout_basic, hellmonk_guarded_unrand_vitality_bloodlust
D:13:     minmay_swirls_squares, layout_irregular_city
D:14:     layout_long_grid, nicolae_two_hexagons, grunt_ministairs_1
D:15:     hangedman_depths_entry_civil_slaughter, layout_stronghold,
          minmay_misc_feat_chi, pf_eden, uniq_azrael
Lair:1:   layout_loops_ring, beast_lair_carwin_2
Lair:2:   layout_regular_city, nicolae_swamp_entry_spooky,
          dreamdust_mushroom_princess, lemuel_fruit_fields, grunt_megastairs_2,
          serial_bayou_shore_b
Lair:3:   layout_cave_pods, guppyfry_snake_entry_island, grunt_megastairs_5
Lair:4:   layout_layer_cave, slime_entry_1, beast_lair_carwin_7,
          serial_bayou_shore_b
Lair:5:   cheibrodos_lair_end_hotspot, layout_cellular_growth, st_stairs_4
Swamp:1:  layout_basic_swamp, nicolae_swamp_long_stream
Swamp:2:  layout_falls_marsh, nicolae_swamp_tree_isthmus
Swamp:3:  layout_basic_swamp, evilmike_swamp_ruin_house_3
Swamp:4:  swamp_basic_johnstein, layout_basic_swamp, swamp_pool2,
          nicolae_swamp_fairy_circle, infiniplex_staircase_pool, uniq_mara
Snake:1:  layout_gridlike, minmay_shoptagon
Snake:2:  layout_grid_shapes, serial_shops, shop, nicolae_snake_snake_lake,
          uniq_donald, uniq_louise
Snake:3:  layout_misc_corridors, minmay_shop_grove
Snake:4:  grunt_snake_rune_spirals, layout_onion_interference,
          nicolae_snake_single_loop, serial_bayou_shore_b
Slime:1:  layout_caves
Slime:2:  layout_caves, cheibrodos_slime_lost_civilization_4
Slime:3:  layout_caves
Slime:4:  layout_caves, nicolae_slime_getting_an_eyeful
Slime:5
Orc:1:    layout_diamond_mine, uniq_nergalle
Orc:2:    st_orc_mages, layout_caves, serial_shops, nicolae_shop_hallway_plus,
          shop, shop, nicolae_shop_peninsula
Elf:1:    minmay_elf_arrival_summoners, layout_rooms, trove_entry_hex_spiral,
          kennysheep_underground_church, nicolae_specific_store, hex_tiny
Elf:2:    nicolae_elf_blades_splatter_lattice
          [nicolae_blade_entry_floor_patterns], layout_loops_cross,
          serial_sigils_hangedman_gnaw
Elf:3:    minmay_elf_hall_x, layout_gridlike, serial_shops, shop, shop, shop
Vaults:1: portal_desolation_entry_twin_temple, v_misc_4,
          nicolae_vaults_trapezoid_lopsided_1, v_misc_22,
          nicolae_vaults_back_hallway, v_misc_29, nicolae_vaults_wine_cellar,
          nicolae_vaults_shelves_hall, vaults_room_hangedman_quadrants,
          nicolae_vaults_little_squares_2, hangedman_vaults_slice,
          nicolae_vaults_sightless_eye, dpeg_vaults_monster_row,
          vaults_dpeg_diagonal, layout_vaults_omnicross, uniq_aizul
Vaults:2: minmay_crypt_entry_simple_plaza, ontoclasm_vaults_idyll,
          vaults_mumra_lcd, hangedman_vaults_slither,
          grunt_vaults_hallway_short, vaults_room_semicircle,
          nicolae_vaults_border_crossing, nicolae_vaults_cochlea,
          vaults_room_pool, nicolae_vaults_trapezoid_lopsided_3,
          layout_vaults_big_room, uniq_margery
Vaults:3: hangedman_vaults_trim, v_misc_29, v_misc_2, v_misc_25,
          vaults_dpeg_encased_lava, nicolae_vaults_apartment_2, v_misc_22,
          v_misc_26, vaults_mumra_hex, v_rooms_2, layout_vaults_omnigrid,
          serial_shops, nicolae_shop_window_shopping, uniq_asterion,
          uniq_frederick
Vaults:4: nicolae_vaults_inception_scallops, hangedman_vaults_trim,
          ontoclasm_vaults_hangar, hangedman_vaults_maws,
          nicolae_vaults_shipping_containers_7, ontoclasm_vaults_idyll,
          nicolae_vaults_trapezoid_lopsided_4, nicolae_vaults_shelves_hall,
          vaults_room_semicircle, nicolae_vaults_surprise_closet,
          ontoclasm_vaults_gateway, nicolae_vaults_tetromino_T_2,
          layout_vaults_maze_bifur, uniq_xtahua
Vaults:5: uniq_jory
Depths:1: layout_gridlike, kennysheep_big_empty_room, pan_entry, hellmouth_3,
          nicolae_titane, uniq_enchantress
Depths:2: minmay_isolated_rectangles_in_corner, layout_cave_shapes, pan_entry,
          nicolae_dithmenos_through_a_glass_darkly, hell_entry,
          grunt_megastairs_4, infiniplex_staircase_squiggle, firewood_loft,
          serial_bayou_shore_a
Depths:3: minmay_quantized_circle, layout_basic, enter_ziggurat_e,
          chequers_decorated_corner, abyss_entry, hell_entry, st_stairs_11
Depths:4: lemuel_castle_with_subvaults [lemuel_castle_interior_carwin_1],
          layout_gridlike, yredelemnul_altar_generic, pf_hell_entry_tar_spiral,
          rand_demon_pan_entry_9, hangedman_decor_push, interstate_on_off
Zot:1:    layout_basic
Zot:2:    layout_onion, gammafunk_ghost_wrathful_warriors
Zot:3:    layout_concentric_octagons, uniq_josephina
Zot:4:    lemuel_firehouse, layout_concentric_octagons, grunt_ministairs_13
Zot:5:    layout_gridlike

Skill      XL: |  1  2  3  4  5  6  7  8  9 10 11 12 13 14 15 16 17 18 19 20 21 22 23 24 25 26 |
---------------+-------------------------------------------------------------------------------+-----
Spellcasting   | 3 4 6 8 10 11 14 15 18 21 23 24 25 | 25.0
Poison Magic   | 4 5 6 |  6.2
Dodging        | 3 4 5 8 10 12 14 15 | 15.0
Necromancy     | 5 13 17 18 23 | 23.0
Earth Magic    | 6 9 |  9.8
Shields        | 4 6 |  6.0
Fire Magic     | 5 9 10 | 10.0
Conjurations   | 1 5 10 12 | 12.0
Fighting       | 5 10 12 15 18 | 18.3
Summonings     | 9 10 11 12 | 12.0
Transmutations | 1 2 12 14 16 | 16.0
Stealth        | |  1.7

Action                     |  1- 3 |  4- 6 |  7- 9 | 10-12 | 13-15 | 16-18 | 19-21 | 22-24 | 25-27 || total
---------------------------+-------+-------+-------+-------+-------+-------+-------+-------+-------++-------
  Melee: Staff             |    23 |     4 |    32 |       |     3 |    11 |     1 |     1 |     5 ||    80
         Punch             |     1 |       |     1 |       |       |       |       |       |       ||     2
         Eveningstar       |       |       |     1 |    74 |    41 |     4 |       |       |     4 ||   124
         Demon whip        |       |       |       |       |       |       |       |     2 |       ||     2
  Throw: Throwing net      |       |       |       |       |       |       |       |       |     2 ||     2
   Cast: Sting             |    61 |   135 |    93 |    15 |       |       |       |       |       ||   304
         Poisonous Vapours |     9 |    27 |    54 |    76 |   194 |   110 |   226 |   205 |    64 ||   965
         Olgreb's Toxic Ra |       |       |    49 |    70 |   130 |    28 |    98 |    82 |    14 ||   471
         Vampiric Draining |       |       |     2 |     2 |       |     1 |     2 |     4 |     1 ||    12
         Sandblast         |       |       |    44 |   137 |       |       |       |       |       ||   181
         Sticky Flame      |       |       |       |    33 |    44 |    21 |     5 |     7 |    35 ||   145
         Stone Arrow       |       |       |       |   101 |   379 |    63 |    14 |    14 |     4 ||   575
         Lee's Rapid Decon |       |       |       |     3 |     6 |       |     8 |     1 |     3 ||    21
         Spellforged Servi |       |       |       |       |    62 |    94 |    66 |    80 |    81 ||   383
         Momentum Strike   |       |       |       |       |     1 |     3 |       |       |       ||     4
         Ignite Poison     |       |       |       |       |    56 |    93 |   217 |   156 |    43 ||   565
         Iron Shot         |       |       |       |       |     8 |   280 |   193 |   247 |   236 ||   964
         Death Channel     |       |       |       |       |       |    27 |    27 |    51 |    24 ||   129
         Ozocubu's Armour  |       |       |       |       |       |       |     4 |     3 |       ||     7
         Haunt             |       |       |       |       |       |       |    14 |    76 |   138 ||   228
         Borgnjor's Vile C |       |       |       |       |       |       |     1 |    72 |    63 ||   136
         Necromutation     |       |       |       |       |       |       |       |       |    32 ||    32
  Evoke: Wand              |       |       |     1 |       |     1 |       |       |       |       ||     2
         Lightning rod     |       |       |       |       |       |       |     1 |       |       ||     1
    Use: Scroll            |       |    10 |     5 |     4 |    12 |     9 |     7 |     3 |    15 ||    65
         Potion            |       |       |     2 |     2 |       |     3 |     8 |     1 |    19 ||    35
 Armour: Robe              |     6 |     3 |    11 |    45 |    38 |    46 |    33 |    69 |   181 ||   432
  Dodge: Dodged            |    30 |    47 |    80 |   214 |    93 |   159 |   134 |   225 |   490 ||  1472
  Block: Other             |     4 |    12 |     9 |       |       |       |       |       |       ||    25
         Buckler           |       |       |     3 |   169 |    86 |   152 |   102 |    87 |   303 ||   902
